PR
MEMPHIS MUSIC @ REDWOOD RHINOS
07/04/2041
 
TOP OF THE 1ST
Memphis Music batting - Pitching for Redwood Rhinos : LHP Gael Rabbetts
Pitching: LHP Gael Rabbetts
Batting: LHB Chiel van der Lee 0-0: Ball
1-0: Foul Ball, location: 2F
1-1: Ground out 1-3 (Groundball, 34S, EV 65.0 MPH)
Batting: RHB Kalani Puakea 0-0: Ground out 6-3 (Groundball, 6, EV 81.9 MPH)
Batting: RHB Gabriel Luzuriaga 0-0: Ground out 3-1 (Groundball, 34S, EV 87.5 MPH)
Top of the 1st over - 0 runs, 0 hits, 0 errors, 0 left on base; Memphis 0 - Redwood 0
BOTTOM OF THE 1ST
Redwood Rhinos batting - Pitching for Memphis Music : LHP Ron Lucas
Pitching: LHP Ron Lucas
Batting: RHB Scott Fletcher 0-0: Called Strike
0-1: Fly out, F7 (Flyball, 7, EV 73.8 MPH)
Batting: RHB Roy MacDonald 0-0: Foul Ball, location: 2F
0-1: Fly out, F6 (Flyball, 56D, EV 85.6 MPH)
Batting: RHB Adrián Serrano 0-0: Ball
1-0: Ball
2-0: Swinging Strike
2-1: Foul Ball, location: 2F
2-2: Ball
3-2: Foul Ball, location: 2F
3-2: Foul Ball, location: 2F
3-2: Base on Balls
Batting: RHB Johnny Schultz 0-0: Called Strike
0-1: Swinging Strike
0-2: Strikes out looking
Bottom of the 1st over - 0 runs, 0 hits, 0 errors, 1 left on base; Memphis 0 - Redwood 0
TOP OF THE 2ND
Memphis Music batting - Pitching for Redwood Rhinos : LHP Gael Rabbetts
Batting: RHB Júlio Chacón 0-0: Ball
1-0: Ground out 6-3 (Groundball, 6, EV 83.1 MPH)
Batting: RHB David Maddox 0-0: Ball
1-0: Ball
2-0: Foul Ball, location: 2F
2-1: Called Strike
2-2: Foul Ball, location: 2F
2-2: Ball
3-2: Base on Balls
Batting: LHB Paul Green 0-0: Ball
1-0: SINGLE (Flyball, 89M, EV 97.5 MPH)
David Maddox to second
Batting: LHB Luis Flores 0-0: Swinging Strike
0-1: Called Strike
0-2: Ball
1-2: Ball
2-2: Ball
3-2: Base on Balls
David Maddox to third
Paul Green to second
Batting: RHB George O'Rorke 0-0: Ball
1-0: Ball
2-0: Foul Ball, location: 2F
2-1: Ball
3-1: SINGLE (Line Drive, 4D, EV 102.5 MPH)
David Maddox scores
Paul Green to third
Luis Flores to second
Batting: RHB Shadow Espinoza 0-0: SINGLE (Line Drive, 34D, EV 98.1 MPH)
Paul Green scores
Luis Flores to third
George O'Rorke to second
Runner from 3rd tries for Home, SAFE, throw by RF to home
Batting: LHB Chiel van der Lee 0-0: Called Strike
0-1: Foul Ball, location: 2F
0-2: Foul Ball, location: 2F
0-2: Ball
1-2: Strikes out swinging
Batting: RHB Kalani Puakea 0-0: Ball
1-0: Ground out 4-3 (Groundball, 4, EV 103.1 MPH)
Top of the 2nd over - 3 runs, 3 hits, 0 errors, 2 left on base; Memphis 3 - Redwood 0
BOTTOM OF THE 2ND
Redwood Rhinos batting - Pitching for Memphis Music : LHP Ron Lucas
Batting: RHB Luis Ibáñez 0-0: Ground out 5-3 (Groundball, 56S, EV 60.6 MPH)
Batting: RHB Derek Leyva 0-0: Ball
1-0: Ground out 6-3 (Groundball, 6, EV 93.1 MPH)
Batting: RHB José Medina 0-0: Called Strike
0-1: Swinging Strike
0-2: Foul Ball, location: 2F
0-2: Ball
1-2: Ball
2-2: Foul Ball, location: 2F
2-2: Foul Ball, location: 2F
2-2: DOUBLE (Line Drive, 89D, EV 107.5 MPH)
Batting: RHB Jimmy Cooper 0-0: Called Strike
0-1: Foul Ball, location: 2F
0-2: Ground out 1-3 (Groundball, 13, EV 86.2 MPH)
Bottom of the 2nd over - 0 runs, 1 hit, 0 errors, 1 left on base; Memphis 3 - Redwood 0
TOP OF THE 3RD
Memphis Music batting - Pitching for Redwood Rhinos : LHP Gael Rabbetts
Batting: RHB Gabriel Luzuriaga 0-0: Called Strike
0-1: Swinging Strike
0-2: Fly out, F9 (Flyball, 9LM, EV 108.1 MPH)
Batting: RHB Júlio Chacón 0-0: Ball
1-0: Ball
2-0: Called Strike
2-1: SINGLE (Line Drive, 4MD, EV 101.9 MPH)
Batting: RHB David Maddox 0-0: Grounds into double play, 5-4-3 (Groundball, 5S, EV 92.5 MPH)
Top of the 3rd over - 0 runs, 1 hit, 0 errors, 0 left on base; Memphis 3 - Redwood 0
BOTTOM OF THE 3RD
Redwood Rhinos batting - Pitching for Memphis Music : LHP Ron Lucas
Batting: SHB Ralph Ludwig 0-0: Ball
1-0: Foul Ball, location: 2F
1-1: Ball
2-1: Bunt missed!
2-2: Ball
3-2: Foul Ball, location: 2F
3-2: SINGLE (Groundball, 34, EV 86.2 MPH) (infield hit)
Batting: RHB Scott Fletcher 0-0: Ball
1-0: Ball
2-0: Ball
3-0: Called Strike
3-1: Foul Ball, location: 2F
3-2: Strikes out swinging
Batting: RHB Roy MacDonald 0-0: Ball
1-0: Called Strike
1-1: Fly out, F6 (Popup, 6MD, EV 46.9 MPH)
Batting: RHB Adrián Serrano 0-0: Ball
1-0: Ball
2-0: Foul Ball, location: 2F
2-1: Foul Ball, location: 2F
2-2: Foul Ball, location: 2F
2-2: Strikes out looking
Bottom of the 3rd over - 0 runs, 1 hit, 0 errors, 1 left on base; Memphis 3 - Redwood 0
TOP OF THE 4TH
Memphis Music batting - Pitching for Redwood Rhinos : LHP Gael Rabbetts
Batting: LHB Paul Green 0-0: Called Strike
0-1: Foul Ball, location: 2F
0-2: Ball
1-2: Ball
2-2: Ball
3-2: Foul Ball, location: 2F
3-2: DOUBLE (Line Drive, 9LM, EV 106.2 MPH)
Batting: LHB Luis Flores 0-0: SINGLE (Line Drive, 6D, EV 95.0 MPH)
Paul Green to third
Runner from 3rd tries for Home, SAFE, throw by CF to home
Batting: RHB George O'Rorke 0-0: SINGLE (Groundball, 56D, EV 98.8 MPH)
Luis Flores to second
Batting: RHB Shadow Espinoza 0-0: Called Strike
0-1: Ball
1-1: Foul Ball, location: 2F
1-2: Ball
2-2: SINGLE (Line Drive, 7S, EV 104.4 MPH)
Luis Flores to third
George O'Rorke to second
Batting: LHB Chiel van der Lee 0-0: Ball
1-0: Foul Ball, location: 2F
1-1: Foul Ball, location: 2F
1-2: Foul Ball, location: 2F
1-2: Ball
2-2: SINGLE (Groundball, 56D, EV 103.8 MPH)
Luis Flores scores
George O'Rorke to third
Shadow Espinoza to second
Runner from 3rd tries for Home, SAFE, throw by LF to home
Pitching: RHP Gustavo Ruíz
Batting: RHB Kalani Puakea 0-0: Foul Ball, location: 2F
0-1: Swinging Strike
0-2: Ball
1-2: Foul Ball, location: 2F
1-2: Strikes out swinging
Batting: RHB Gabriel Luzuriaga 0-0: Reached via error on a dropped throw from P, E6 (Groundball, 34S, EV 70.0 MPH)
Shadow Espinoza to third
Chiel van der Lee to second
Batting: RHB Júlio Chacón 0-0: Ball
1-0: Fly out, F8 (Flyball, 8RS, EV 91.9 MPH)
Batting: RHB David Maddox 0-0: Foul Ball, location: 2F
0-1: Foul Ball, location: 2F
0-2: Strikes out swinging
Top of the 4th over - 3 runs, 5 hits, 1 error, 3 left on base; Memphis 6 - Redwood 0
BOTTOM OF THE 4TH
Redwood Rhinos batting - Pitching for Memphis Music : LHP Ron Lucas
Batting: RHB Johnny Schultz 0-0: Ground out 6-3 (Groundball, 6S, EV 84.4 MPH)
Batting: RHB Luis Ibáñez 0-0: Called Strike
0-1: Ball
1-1: Ball
2-1: Ball
3-1: Called Strike
3-2: Base on Balls
Batting: RHB Derek Leyva 0-0: Called Strike
0-1: Ball
1-1: Swinging Strike
1-2: Ball
2-2: Ball
3-2: Fielders Choice at 2nd, 4-6 (Groundball, 4M, EV 110.0 MPH)
Batting: RHB José Medina 0-0: Foul Ball, location: 2F
0-1: Ball
1-1: Foul Ball, location: 2F
1-2: Strikes out looking
Bottom of the 4th over - 0 runs, 0 hits, 0 errors, 1 left on base; Memphis 6 - Redwood 0
TOP OF THE 5TH
Memphis Music batting - Pitching for Redwood Rhinos : RHP Gustavo Ruíz
Batting: LHB Paul Green 0-0: Swinging Strike
0-1: Swinging Strike
0-2: DOUBLE (Line Drive, 89D, EV 103.1 MPH)
Batting: LHB Luis Flores 0-0: Ball
1-0: Swinging Strike
1-1: Foul Ball, location: 2F
1-2: Strikes out looking
Batting: RHB George O'Rorke 0-0: Foul Ball, location: 2F
0-1: Called Strike
0-2: Ball
1-2: Ball
2-2: Strikes out swinging
Batting: RHB Shadow Espinoza 0-0: Ball
1-0: Foul Ball, location: 2F
1-1: Ball
2-1: Foul Ball, location: 2F
2-2: SINGLE (Groundball, 56D, EV 108.8 MPH)
Paul Green to third
Batting: LHB Chiel van der Lee 0-0: Called Strike
0-1: Ball
1-1: 3-RUN HOME RUN (Flyball, 9D, EV 105.6 MPH), Distance : 391 ft
Batting: RHB Kalani Puakea 0-0: Called Strike
0-1: Swinging Strike
0-2: Ball
1-2: Ground out 5-3 (Groundball, 5L, EV 103.8 MPH)
Top of the 5th over - 3 runs, 3 hits, 0 errors, 0 left on base; Memphis 9 - Redwood 0
BOTTOM OF THE 5TH
Redwood Rhinos batting - Pitching for Memphis Music : LHP Ron Lucas
Batting: RHB Jimmy Cooper 0-0: SINGLE (Flyball, 8LS, EV 97.5 MPH)
Batting: SHB Ralph Ludwig 0-0: Called Strike
0-1: Ball
1-1: SINGLE (Line Drive, 56, EV 96.2 MPH)
Jimmy Cooper to second
Pitching: LHP Ernie Landry
Batting: RHB Scott Fletcher 0-0: Fly out, F8 (Flyball, 78M, EV 86.9 MPH)
Batting: RHB Roy MacDonald 0-0: Swinging Strike
0-1: Ball
1-1: Foul Ball, location: 2F
1-2: Strikes out looking
Batting: RHB Adrián Serrano 0-0: SINGLE (Line Drive, 9S, EV 98.1 MPH)
Jimmy Cooper to third
Ralph Ludwig to second
Batting: RHB Johnny Schultz 0-0: DOUBLE (Flyball, 89D, EV 92.5 MPH)
Jimmy Cooper scores
Ralph Ludwig scores
Adrián Serrano to third
Runner from 3rd tries for Home, SAFE, throw by RF to home
Batting: RHB Luis Ibáñez 0-0: Ball
1-0: SINGLE (Flyball, 7S, EV 91.9 MPH)
Johnny Schultz to third
Runner from 3rd tries for Home, SAFE, no throw by LF
Batting: RHB Derek Leyva 0-0: Ball
1-0: Ball
2-0: Ball
Wild Pitch!
Luis Ibáñez to second
3-0: Called Strike
3-1: Called Strike
3-2: Foul Ball, location: 2F
3-2: Ground out 6-3 (Groundball, 56, EV 82.5 MPH)
Bottom of the 5th over - 4 runs, 5 hits, 0 errors, 1 left on base; Memphis 9 - Redwood 4
TOP OF THE 6TH
Memphis Music batting - Pitching for Redwood Rhinos : RHP Gustavo Ruíz
Batting: RHB Gabriel Luzuriaga 0-0: Called Strike
0-1: Ball
1-1: Swinging Strike
1-2: Strikes out swinging
Batting: RHB Júlio Chacón 0-0: Swinging Strike
0-1: Ball
1-1: Swinging Strike
1-2: Foul Ball, location: 2F
1-2: Strikes out looking
Batting: RHB David Maddox 0-0: SINGLE (Line Drive, 89M, EV 98.1 MPH)
Batting: LHB Paul Green 0-0: Ball
1-0: Ball
2-0: Foul Ball, location: 2F
2-1: Fly out, F8 (Line Drive, 8RM, EV 89.4 MPH)
Top of the 6th over - 0 runs, 1 hit, 0 errors, 1 left on base; Memphis 9 - Redwood 4
BOTTOM OF THE 6TH
Redwood Rhinos batting - Pitching for Memphis Music : LHP Ernie Landry
Batting: RHB José Medina 0-0: Ball
1-0: Called Strike
1-1: Ball
2-1: SINGLE (Line Drive, 9LS, EV 99.4 MPH)
Batting: RHB Jimmy Cooper 0-0: Foul Ball, location: 2F
0-1: Fly out, F8 (Flyball, 8RD, EV 88.1 MPH)
Batting: SHB Ralph Ludwig 0-0: Called Strike
0-1: Swinging Strike
0-2: Foul Ball, location: 2F
0-2: Foul Ball, location: 2F
0-2: Ball
1-2: Foul Ball, location: 2F
1-2: Foul Ball, location: 2F
1-2: Strikes out swinging
Batting: RHB Scott Fletcher 0-0: Ball
José Medina steals 2nd base
1-0: Ground out 5-3 (Groundball, 5, EV 82.5 MPH)
Bottom of the 6th over - 0 runs, 1 hit, 0 errors, 1 left on base; Memphis 9 - Redwood 4
TOP OF THE 7TH
Memphis Music batting - Pitching for Redwood Rhinos : RHP Gustavo Ruíz
Batting: LHB Luis Flores 0-0: Ball
1-0: Foul Ball, location: 2F
1-1: SINGLE (Groundball, 3D, EV 99.4 MPH)
Batting: RHB George O'Rorke 0-0: Fly out, F8 (Flyball, 89XD, EV 106.9 MPH)
Pitching: RHP Christopher Benson
Batting: RHB Shadow Espinoza Pickoff Throw to First - Out! 1-3
0-0: Foul Ball, location: 2F
0-1: SINGLE (Line Drive, 7LS, EV 104.4 MPH)
Batting: LHB Chiel van der Lee 0-0: Ground out 4-3 (Groundball, 4, EV 103.1 MPH)
Top of the 7th over - 0 runs, 2 hits, 0 errors, 1 left on base; Memphis 9 - Redwood 4
BOTTOM OF THE 7TH
Redwood Rhinos batting - Pitching for Memphis Music : LHP Ernie Landry
Batting: RHB Roy MacDonald 0-0: Foul Ball, location: 2F
0-1: Ball
1-1: Ball
2-1: Fly out, F5 (Popup, 56, EV 64.4 MPH)
Batting: RHB Adrián Serrano 0-0: Called Strike
0-1: Ball
1-1: Called Strike
1-2: Ground out 1-3 (Groundball, P, EV 66.9 MPH)
Batting: RHB Johnny Schultz 0-0: Ball
1-0: Ball
2-0: Ball
3-0: Called Strike
3-1: Foul Ball, location: 2F
3-2: Base on Balls
Batting: RHB Luis Ibáñez 0-0: Foul Ball, location: 2F
0-1: Ball
1-1: Foul Ball, location: 2F
1-2: Ball
2-2: SINGLE (Flyball, 78S, EV 90.6 MPH)
Johnny Schultz to second
Batting: RHB Derek Leyva 0-0: Called Strike
0-1: 3-RUN HOME RUN (Flyball, 7LD, EV 111.2 MPH), Distance : 328 ft
Pitching: LHP Curt Lowery
Batting: RHB José Medina 0-0: Fly out, F8 (Flyball, 8RD, EV 96.2 MPH)
Bottom of the 7th over - 3 runs, 2 hits, 0 errors, 0 left on base; Memphis 9 - Redwood 7
TOP OF THE 8TH
Memphis Music batting - Pitching for Redwood Rhinos : RHP Christopher Benson
Batting: RHB Kalani Puakea 0-0: Ball
1-0: DOUBLE (Flyball, 89XD, EV 95.0 MPH)
Batting: RHB Gabriel Luzuriaga 0-0: Intentional Walk
Batting: RHB Júlio Chacón 0-0: Foul Ball, location: 2F
0-1: Swinging Strike
0-2: Ball
1-2: Ball
2-2: Ball
3-2: SINGLE (Line Drive, 8RS, EV 104.4 MPH)
Kalani Puakea to third
Gabriel Luzuriaga to second
Batting: RHB David Maddox 0-0: Called Strike
0-1: Ball
1-1: Foul Ball, location: 2F
1-2: Ball
2-2: Strikes out swinging
Batting: LHB Paul Green 0-0: Ball
1-0: Ball
2-0: DOUBLE (Line Drive, 78M, EV 106.9 MPH)
Kalani Puakea scores
Gabriel Luzuriaga scores
Júlio Chacón to third
Batting: LHB Luis Flores 0-0: Intentional Walk
Pitching: RHP Gary Crook
Batting: RHB George O'Rorke 0-0: Called Strike
0-1: Ball
1-1: SINGLE (Line Drive, 89M, EV 86.9 MPH)
Júlio Chacón scores
Paul Green to third
Luis Flores to second
Batting: RHB Shadow Espinoza 0-0: Ball
1-0: TRIPLE (Line Drive, 89XD, EV 100.0 MPH)
Paul Green scores
Luis Flores scores
George O'Rorke scores
Pinch Hitting: LHB Shiki Tanaka 0-0: Foul Ball, location: 2F
0-1: Fly out, F8 (Flyball, 8RM, EV 94.4 MPH)
Runner from 3rd tags up, SCORES, throw by CF
Batting: RHB Kalani Puakea 0-0: Ball
1-0: Ball
2-0: Foul Ball, location: 2F
2-1: Swinging Strike
2-2: Strikes out swinging, 2-3 out at first.
Top of the 8th over - 7 runs, 5 hits, 0 errors, 0 left on base; Memphis 16 - Redwood 7
BOTTOM OF THE 8TH
Redwood Rhinos batting - Pitching for Memphis Music : LHP Curt Lowery
Now in LF: Shiki Tanaka
Batting: RHB Jimmy Cooper 0-0: Ball
1-0: Foul Ball, location: 2F
1-1: Ball
2-1: DOUBLE (Flyball, 8RD, EV 97.5 MPH)
Batting: SHB Ralph Ludwig 0-0: Ball
1-0: Swinging Strike
1-1: Swinging Strike
1-2: Foul Ball, location: 2F
1-2: Strikes out looking
Batting: RHB Scott Fletcher 0-0: Ball
1-0: Called Strike
1-1: Ball
2-1: Swinging Strike
2-2: Strikes out swinging
Batting: RHB Roy MacDonald 0-0: Called Strike
0-1: Fly out, F8 (Flyball, 8RD, EV 99.4 MPH)
Bottom of the 8th over - 0 runs, 1 hit, 0 errors, 1 left on base; Memphis 16 - Redwood 7
TOP OF THE 9TH
Memphis Music batting - Pitching for Redwood Rhinos : RHP Gary Crook
Pinch Hitting: RHB Jeff Kinsinger 0-0: Ball
1-0: Ground out 4-3 (Groundball, 4S, EV 83.8 MPH)
Pinch Hitting: RHB José Soriano 0-0: Called Strike
0-1: Ball
1-1: Foul Ball, location: 2F
1-2: SOLO HOME RUN (Line Drive, 7D, EV 101.9 MPH), Distance : 377 ft
Batting: RHB David Maddox 0-0: Ball
1-0: Ground out 4-3 (Groundball, 4, EV 106.2 MPH)
Pinch Hitting: RHB Salvador Rúbio 0-0: Ball
1-0: Ball
2-0: Foul Ball, location: 2F
2-1: Called Strike
2-2: Strikes out looking
Top of the 9th over - 1 run, 1 hit, 0 errors, 0 left on base; Memphis 17 - Redwood 7
BOTTOM OF THE 9TH
Redwood Rhinos batting - Pitching for Memphis Music : LHP Curt Lowery
Now at C: José Soriano
Now at 2B: Jeff Kinsinger
Now in LF: Orlando Trujillo
Pinch Hitting: SHB Carlos Viera 0-0: Ball
1-0: Ball
2-0: Called Strike
2-1: Ball
3-1: Swinging Strike
3-2: Strikes out looking
Pinch Hitting: RHB Nick Parsons 0-0: Called Strike
0-1: Foul Ball, location: 2F
0-2: Ball
1-2: Ball
2-2: Ball
3-2: Ground out 1-3 (Groundball, 25, EV 84.4 MPH)
Pinch Hitting: RHB Mike Brock 0-0: Ball
1-0: Swinging Strike
1-1: Called Strike
1-2: Foul Ball, location: 2F
1-2: Ball
2-2: Ball
3-2: Foul Ball, location: 2F
3-2: Fly out, F9 (Flyball, 9D, EV 95.6 MPH)
Bottom of the 9th over - 0 runs, 0 hits, 0 errors, 0 left on base; Memphis 17 - Redwood 7
Tuesday, January 5th, 2021 - OOTP Baseball 20.8 Build 74